 Dungeon Crawl Stone Soup version 0.31-a0-210-gccc998df9b (webtiles) character file.

Game seed: 6933982580226291421

155 vineage the Trooper (level 5, 0/37 HPs)
             Began as a Gargoyle Fighter on June 30, 2023.
             Slain by an orc wizard
             ... wielding a +0 dagger
              (2 damage)
             ... on level 3 of the Dungeon.
             The game lasted 00:01:29 (1688 turns).

vineage the Trooper (Gargoyle Fighter)              Turns: 1688, Time: 00:01:29

Health: 0/37       AC: 10    Str: 20    XL:     5   Next: 37%
Magic:  5/5        EV:  9    Int:  8    God:
Gold:   127        SH:  4    Dex: 11    Spells: 4/4 levels left

rFire   . . .        a - +0 flail
rCold   . . .        c - +0 buckler
rNeg    + . .        b - +0 scale mail
rPois   ∞            (no helmet)
rElec   +            (no cloak)
rCorr   .            (no gloves)
SInv    .            (no boots)
Will    .....        (no amulet) Stlth
                     (no ring)
HPRegen 0.26/turn    (no ring)
MPRegen 0.09/turn

%: no passive effects
@: no status effects
A: sickness immunity, AC +4, negative energy resistance 1, electricity
resistance, torment resistance 1, petrification resistance
a: no special abilities


You were on level 3 of the Dungeon.
You visited 1 branch of the dungeon, and saw 3 of its levels.

You collected 127 gold pieces.

Inventory:

Hand Weapons
 a - a +0 flail (weapon)
Armour
 b - a +0 scale mail (worn)
 c - a +0 buckler (worn)
Potions
 d - a potion of might
 f - 2 potions of curing {unknown}
 g - a potion of attraction


   Skills:
 + Level 6.5 Fighting
 - Level 2.0 Maces & Flails
 - Level 3.2 Armour
 - Level 3.2 Shields


You had 4 spell levels left.
You didn't know any spells.
Your spell library contained the following spells:

 Spells                   Type           Power      Damage    Failure   Level
 Summon Forest            Summ/Tloc      0%         N/A       100%        5
 Eringya's Noxious Bog    Tmut/Pois      0%         N/A       100%        6
 Summon Hydra             Summ           0%         N/A       100%        7


Dungeon Overview and Level Annotations

Branches:
Dungeon (3/15)

Altars:
Ashenzari

Shops:
D:1 (::([


Innate Abilities, Weirdness & Mutations

You are immune to sickness and miasma.
Your stone body is resilient. (AC +4)
You are immune to poison.
You resist negative energy. (rN+)
You are resistant to electric shocks. (rElec)
You are resistant to unholy torment.
You are immune to petrification.


Message History

The magic dart hits you.
You bump into the rock wall.
The orc wizard mumbles some strange words.
The orc wizard flickers and vanishes!
Deactivating autopickup; reactivate with Ctrl-A.
You bump into the rock wall.
Something hits you but does no damage.
You completely miss something. Something hits you.
You hear some strange, mumbled words.
A puff of flame appears from out of thin air!
The puff of flame misses you.
You bump into the rock wall.
You hear some strange, mumbled words.
A puff of flame appears from out of thin air!
The puff of flame hits you! Something hits you but does no damage.
You feel less confused.
You hit something. Something hits you but does no damage.
You barely miss something. Something hits you but does no damage.
Something hits you.
You barely miss something. Something hits you but does no damage.
You miss something. Something hits you.
You miss something. Something hits you.
You barely miss something. Something hits you.
You hear some strange, mumbled words.
A puff of flame appears from out of thin air!
The puff of flame hits you but does no damage.
You hit something.
You hear some strange, mumbled words.
A puff of flame appears from out of thin air!
The puff of flame hits you.
* * * LOW HITPOINT WARNING * * *
You miss something. Something hits you.
* * * LOW HITPOINT WARNING * * *
You closely miss something. Something hits you.
* * * LOW HITPOINT WARNING * * *
Something hits you but does no damage.
You closely miss something. Something hits you.
* * * LOW HITPOINT WARNING * * *
You miss something. Something hits you.
You die...

..##...###
#..[....o#####
#........>...#
#.......?###.#
..##...###
#.## . #...
#oo# #### ##S#
#{# #@# #.#
#<# #.# #.#
#.# #.# #.#
#.#


You could see 2 orcs and a ball python.

Vanquished Creatures
  Jessica (D:2)
  Terence (D:3)
  6 adders
  A worm (D:2)
  2 orcs (D:3)
  2 ball pythons (D:2)
  2 bats
  5 endoplasms
  2 giant cockroaches (D:2)
  5 goblins
  5 hobgoblins
  4 jackals (D:2)
  2 quokkas (D:1)
  3 frilled lizards (D:2)
  2 kobolds (D:1)
  3 rats
46 creatures vanquished.

Notes
Turn   | Place    | Note
-------+----------+-------------------------------------------
     0 | D:1      | vineage the Gargoyle Fighter began the quest for the Orb.
     0 | D:1      | Reached XP level 1. HP: 14/14 MP: 1/1
   119 | D:1      | Found a faded altar of an unknown god.
   204 | D:1      | Reached XP level 2. HP: 20/20 MP: 2/2
   225 | D:1      | Reached skill level 4 in Fighting
   279 | D:1      | Found Losics's Book Emporium.
   346 | D:1      | Found Taiwkus's Antique Armour Boutique.
   365 | D:1      | Found Besiam's Weapon Shop.
   369 | D:1      | Found Buass's Book Emporium.
   650 | D:1      | Found Teit's Weapon Boutique.
   696 | D:2      | Found a broken altar of Ashenzari.
   733 | D:2      | Reached XP level 3. HP: 20/24 MP: 3/3
   919 | D:2      | Reached skill level 5 in Fighting
   945 | D:2      | Reached XP level 4. HP: 25/31 MP: 4/4
  1288 | D:2      | Noticed Jessica
  1293 | D:2      | Killed Jessica
  1381 | D:2      | Reached skill level 6 in Fighting
  1514 | D:3      | Reached XP level 5. HP: 32/36 MP: 5/5
  1611 | D:3      | Noticed Terence
  1614 | D:3      | Killed Terence
  1687 | D:3      | HP: 1/37 [something (4)]
  1688 | D:3      | Slain by an orc wizard

Illustrated notes

Levels and vault maps discovered:
D:1:      sevenhm_arrival_forest_fort_small_5, layout_basic,
          hellmonk_ecumenical_altar_heavens_door, serial_shops,
          nicolae_shop_just_a_little_nook, shop_fountains,
          nicolae_shop_hallway_plus, nicolae_shop_trees,
          nicolae_shop_real_fake_doors
D:2:      layout_basic, basic_altar, nrook_mini_backslash, st_stairs_5,
          uniq_jessica
D:3:      layout_loops_ring, kennysheep_cluttered_room, uniq_crazy_yiuf_cottage,
          uniq_terence

Skill      XL: |  1  2  3  4 |
---------------+-------------+-----
Fighting       | 4 5 6 |  6.5
Maces & Flails | |  2.0
Armour         | |  3.2
Shields        | |  3.2

Action                     |  1- 3 |  4- 6 || total
---------------------------+-------+-------++-------
  Melee: Flail             |   126 |    80 ||   206
    Use: Scroll            |     3 |       ||     3
 Armour: Scale mail        |    72 |    41 ||   113
  Dodge: Dodged            |    54 |    35 ||    89
  Block: Buckler           |    25 |     9 ||    34

Table legend: (Time is in decaauts)
 A = Elapsed time spent in this place.
 B = Non-inter-level travel time spent in this place.
 C = Inter-level travel time spent in this place.
 D = Time resting spent in this place.
 E = Time spent auto-exploring this place.
 F = Levels seen in this place.
 G = Mean time per level.
                   A        B        C        D        E       F      G
               +--------+--------+--------+--------+--------+-----+--------+
         Total |   1758 |   1702 |     56 |      0 |   1291 |   3 |  586.0 |
       Dungeon |   1758 |   1702 |     56 |      0 |   1291 |   3 |  586.0 |
               +--------+--------+--------+--------+--------+-----+--------+

Top non-repeatable levels by time:
     D:2: 840 daAuts
     D:1: 714 daAuts
     D:3: 203 daAuts
